 Dungeon Crawl Stone Soup version 0.24-a0-582-g4d4af81 (webtiles) character file.

Game seed: 11266703893428260496

53 Gunnerkreig the Firebug (level 3, -1/27 HPs)
             Began as a Draconian Fire Elementalist on Aug 27, 2019.
             Slain by Crazy Yiuf
             ... wielding a +4 quarterstaff of chaos
              (7 damage)
             ... on level 2 of the Dungeon.
             The game lasted 00:04:49 (2013 turns).

Gunnerkreig the Firebug (DrFE)                      Turns: 2013, Time: 00:04:49

Health: -1/27      AC:  5    Str: 10    XL:     3   Next: 64%
Magic:  1/6        EV: 12    Int: 16    God:
Gold:   67         SH:  0    Dex: 11    Spells: 2/6 levels left

rFire    . . .     SeeInvis .   j - +0 dagger
rCold    . . .     Gourm    .   (no shield)
rNeg     . . .     Faith    .   (armour unavailable)
rPois    .         Spirit   .   (helmet restricted)
rElec    .         Reflect  .   (no cloak)
rCorr    .         Harm     .   (no gloves)
MR       .....                  (no boots)
Stlth    ++........             (no amulet)
HPRegen  0.09/turn              (no ring)
MPRegen  0.10/turn              (no ring)

@: no status effects
A: unfitting armour, cold-blooded, AC +5
a: no special abilities


You were on level 2 of the Dungeon.
You were very hungry.

You visited 1 branch of the dungeon, and saw 3 of its levels.

You collected 67 gold pieces.

Inventory:

Hand Weapons
 j - a +0 dagger (weapon)
 l - a +2 antimagic spear
Jewellery
 d - an uncursed ring of protection from cold {unknown}
Scrolls
 a - 5 scrolls of identify {unknown}
 f - a scroll of teleportation {unknown}
 g - a scroll of amnesia {unknown}
 h - 3 scrolls of remove curse {unknown}
 i - a scroll of magic mapping {unknown}
 n - a scroll of enchant armour {unknown}
Potions
 c - a potion of magic {unknown}
 e - a potion of curing {unknown}
 k - a potion of agility {unknown}
Comestibles
 b - 6 rations


   Skills:
 + Level 0.3 Fighting
 + Level 2.1 Dodging
 + Level 2.0 Stealth
 - Level 0.5 Unarmed Combat
 + Level 2.3 Spellcasting
 + Level 1.4 Conjurations
 + Level 3.7 Fire Magic


You had 2 spell levels left.
You knew the following spells:

 Your Spells              Type           Power        Failure   Level  Hunger
a - Flame Tongue          Conj/Fire      ##...        7%          1    #......
b - Conjure Flame         Conj/Fire      ##......     21%         3    ###....

Your spell library contained the following spells:

 Spells                   Type           Power        Failure   Level  Hunger
 Throw Flame              Conj/Fire      ##....       11%         2    ###....
 Inner Flame              Hex/Fire       #.......     28%         3    ###....
 Sticky Flame             Conj/Fire      ##......     56%         4    #####..
 Fireball                 Conj/Fire      ##........   88%         5    ######.


Dungeon Overview and Level Annotations

Branches:
Dungeon (3/15)

Altars:
Okawaru
Ru

Annotations:
D:2 Crazy Yiuf


Innate Abilities, Weirdness & Mutations

Your plain brown scales are hard. (AC +5)
You cannot fit into any form of body armour.
You are cold-blooded and may be slowed by cold attacks.


Message History

Confirm with . or Enter, or press ? or * to list all spells.
You don't have enough magic to cast that spell.
Unknown command.
Casting: Flame Tongue (safe; 7% risk of failure)
Confirm with . or Enter, or press ? or * to list all spells.
You don't have enough magic to cast that spell.
Unknown command.
Crazy Yiuf laughs, "Whiteboard!"
You hit Crazy Yiuf.
Crazy Yiuf is lightly wounded.
Crazy Yiuf hits you with a +4 quarterstaff of chaos!
Crazy Yiuf freezes you.
You hit Crazy Yiuf. Your punch misses Crazy Yiuf.
Crazy Yiuf is moderately wounded.
Crazy Yiuf hits you with a +4 quarterstaff of chaos.
* * * LOW HITPOINT WARNING * * *
You hit Crazy Yiuf.
Crazy Yiuf is heavily wounded.
Crazy Yiuf hits you with a +4 quarterstaff of chaos!
You die... #######.# #.##.# #.......# ######.##.# #.####### #......##.# #.# #########.# ### #.# #.# #PP

#†# ###♣♣♣♣♣ #.#
#P. #.###.#♣)♣)♣♣♣
### #.# #P.
#.##....P)♣))♣#)))#
#.######^.
#......PP♣♣♣♣@g)))#
#.#....#^^
###...#P♣♣ ♣♣#)))#
#.#.###### #.###♣♣
### #.#.####.. #.#
#......... #.#
#......... #.#
#########..#####
#.# #..#...##..#
#.# #.#.#..##..#
#.#####
#.#.#..##..#####


You could see Crazy Yiuf.

Vanquished Creatures
  A worm (D:2)
  2 dart slugs
  A leopard gecko (D:2)
  6 goblins
  8 hobgoblins
  7 jackals
  A ball python (D:1)
  6 bats
  3 frilled lizards (D:1)
  3 kobolds
  5 rats
  A fungus (D:2)
44 creatures vanquished.

Notes
Turn   | Place    | Note
-------+----------+-------------------------------------------
     0 | D:1      | Gunnerkreig the Draconian Fire Elementalist began the quest
                  | for the Orb.
     0 | D:1      | Reached XP level 1. HP: 14/14 MP: 3/3
   459 | D:1      | Reached XP level 2. HP: 19/20 MP: 5/5
   813 | D:1      | Reached XP level 3. HP: 26/26 MP: 3/6
  1008 | D:1      | Learned a level 3 spell: Conjure Flame
  1651 | D:2      | Found an iron altar of Okawaru.
  1822 | D:2      | Found a sacrificial altar of Ru.
  1997 | D:2      | Found a runed translucent door.
  1998 | D:2      | Noticed Crazy Yiuf
  2013 | D:2      | Slain by Crazy Yiuf

Levels and vault maps discovered:
D:1:      roderic_crop_circles_arrival_small, layout_loops_corners
D:2:      layout_loops_ring, nicolae_ru_the_path_less_chosen,
          okawaru_ov_weapons_minmay, uniq_crazy_yiuf_cottage
D:3:      layout_basic, uniq_robin

Skill      XL: |  1  2  3 |
---------------+----------+-----
Dodging        | 2 |  2.1
Stealth        | 2 |  2.0
Fighting       | |  0.3
Unarmed Combat | |  0.5
Spellcasting   | |  2.3
Conjurations   | |  1.4
Fire Magic     | |  3.7

Action                   || total
-------------------------++-------
Melee: Unarmed           ||    77
       Tailslap          ||    19
       Dagger            ||    76
 Cast: Flame Tongue      ||    31
       Conjure Flame     ||     1
 Stab: Sleeping          ||     1
  Eat: Chunk             ||     3
Armor: Skin              ||    41
Dodge: Dodged            ||    86

Table legend:
 A = Non-vault XP
 B = Vault XP
 C = Vault XP percentage of total XP
 D = Non-vault monster count
 E = Vault monster count
 F = Vault count percentage of total count
                 A         B        C        D         E       F
            +---------+---------+-------+---------+---------+-------
      Total |      77 |       0 |   0.0 |      43 |       0 |   0.0
            +---------+---------+-------+---------+---------+-------
        D:1 |      41 |       0 |   0.0 |      26 |       0 |   0.0
        D:2 |      36 |       0 |   0.0 |      17 |       0 |   0.0
            +---------+---------+-------+---------+---------+-------
